 Dungeon Crawl Stone Soup version 0.19.5 (webtiles) character file.

231 Vetiran the Conjurer (level 5, 0/57 HPs)
             Began as a Demigod Conjurer on Mar 8, 2017.
             Succumbed to a worker ant's poison
             ... on level 3 of the Dungeon.
             The game lasted 00:18:32 (2273 turns).

Vetiran the Conjurer (Demigod Conjurer)             Turns: 2273, Time: 00:18:33

Health: 0/57       AC: 22    Str: 13    XL:     5   Next: 44%
Magic:  11/12      EV:  2    Int: 19    God:
Gold:   198        SH:  0    Dex: 16    Spells: 1 memorised, 9 levels left

rFire  + . .     SeeInvis .     p - +0 hand axe (vamp)
rCold  . . .     Gourm    +     (armour currently unavailable)
rNeg   + + +     Faith    .     (no shield)
rPois  +         Spirit   .     (helmet currently unavailable)
rElec  .         Reflect  .     (cloak currently unavailable)
rCorr  .         Harm     .     (gloves currently unavailable)
MR     .....     NoTele   +     (boots currently unavailable)
Stlth  ++........               w - amulet of the gourmand
                                x - ring of protection from fire
                                g - ring of flight

@: lethally poisoned (0 -> -11), tree-form, very slightly contaminated, hasted,
drained, invisible, very quick
A: high mp 1
a: no special abilities


You were on level 3 of the Dungeon.
You were not hungry.
You were a tree.
You visited 1 branch of the dungeon, and saw 4 of its levels.

You collected 198 gold pieces.

Inventory:

Hand Weapons
 p - a +0 vampiric hand axe (weapon)
 u - a +0 mace
Armour
 a - a +0 robe (melded)
 t - a +0 helmet (melded)
 y - a +0 pair of gloves (melded)
Jewellery
 g - a ring of flight (left branch)
 w - an amulet of the gourmand (around neck)
 x - a ring of protection from fire (right branch)
Scrolls
 d - 4 scrolls of blinking {unknown}
 e - 5 scrolls of identify {unknown}
 h - 3 scrolls of enchant armour {unknown}
 j - 2 scrolls of fog {unknown}
 l - 2 scrolls of teleportation {unknown}
 m - 3 scrolls of enchant weapon {unknown}
 r - a scroll of noise {unknown}
Potions
 i - 2 potions of haste
 k - 3 potions of lignification
 q - a potion of brilliance {unknown}
 v - a potion of berserk rage {unknown}
 z - a potion of magic {unknown}
Books
 b - a book of Conjurations

   Spells                             Type                      Level
   a - Magic Dart                     Conjuration                  1
   b - Searing Ray                    Conjuration                  2
   c - Dazzling Spray                 Conjuration/Hexes            3
   d - Fulminant Prism                Conjuration/Hexes            4
   e - Iskenderun's Mystic Blast      Conjuration                  4
   f - Iskenderun's Battlesphere      Conjuration/Charms           5
Comestibles
 c - 3 bread rations
 n - a meat ration
 o - a beef jerky
 s - a slice of pizza


   Skills:
 - Level 1.8(1.5) Dodging
 - Level 1.7(1.4) Stealth
 + Level 3.1(2.8) Spellcasting
 * Level 5.7(5.3) Conjurations


You had 9 spell levels left.
You knew the following spells:

 Your Spells              Type           Power        Failure   Level  Hunger
a - Magic Dart            Conj           ###.         1%          1    None


Dungeon Overview and Level Annotations

Branches:
Dungeon (4/15)
 Temple: D:4-7


Innate Abilities, Weirdness & Mutations

You have an increased reservoir of magic. (+10% MP)


Message History

You are more poisoned.
The worker ant poisons you!
The worker ant bites you but does no damage.
It was a potion of haste.
You feel yourself speed up.
* * * LOW HITPOINT WARNING * * *
You feel sick.
The worker ant bites you but does no damage.
You are very lightly contaminated with residual magic.
It was a potion of invisibility.
You fade into invisibility!
* * * LOW HITPOINT WARNING * * *
You feel sick. The worker ant barely misses you.
You hit the worker ant but do no damage.
The worker ant is almost dead.
* * * LOW HITPOINT WARNING * * *
You feel sick.
The worker ant bites you but does no damage.
You barely miss the worker ant.
The worker ant is almost dead.
You die...

#...........##.
##.#.........##.
#..#............
#............#..
##.#..........#..
###......<......#..
####.....#.........#..
#...a#..##.........#..
#....♣.#...........###
#.....................
#.................####
#(................#
#......(.........(#
#...........#.....#
###...##...########
##########


You could see a worker ant.

Vanquished Creatures
  A wight (D:3)
  Terence (D:2)
  Robin (D:2)
  4 adders
  2 oozes (D:2)
  2 worms
  A dart slug (D:2)
  4 leopard geckos
  A ball python (D:2)
  10 bats
  7 giant cockroaches
  14 goblins
  7 hobgoblins
  2 jackals (D:3)
  6 kobolds
  A frilled lizard (D:1)
  41 rats
105 creatures vanquished.

Notes
Turn   | Place    | Note
-------+----------+-------------------------------------------
     0 | D:1      | Vetiran the Demigod Conjurer began the quest for the Orb.
     0 | D:1      | Reached XP level 1. HP: 14/14 MP: 5/5
   409 | D:1      | Reached XP level 2. HP: 19/20 MP: 2/7
   419 | D:1      | Reached skill level 4 in Conjurations
   738 | D:2      | Found a basalt altar of Yredelemnul.
   809 | D:2      | Reached XP level 3. HP: 26/26 MP: 1/9
  1239 | D:2      | Reached XP level 4. HP: 28/33 MP: 7/10
  1367 | D:2      | Noticed Robin
  1405 | D:2      | Killed Robin
  1405 | D:2      | Reached skill level 5 in Conjurations
  1528 | D:2      | Found a white marble altar of Elyvilon.
  1531 | D:2      | Found an opulent altar of Gozag.
  1531 | D:2      | Noticed Terence
  1543 | D:2      | Killed Terence
  1547 | D:2      | Found an iron altar of Okawaru.
  1840 | D:3      | Reached XP level 5. HP: 27/38 MP: 12/12
  2010 | D:3      | Found a faded altar of an unknown god.
  2189 | D:4      | Noticed an ogre
  2215 | D:4      | Noticed an ogre
  2271 | D:3      | HP: 2/57 [poisoned by a worker ant]
  2273 | D:3      | Succumbed to a worker ant's poison

Skill      XL: |  1  2  3  4  5 |
---------------+----------------+-----
Conjurations   | 4 5 |  5.7
Spellcasting   | 2 3 |  3.1
Dodging        | |  1.8
Stealth        | |  1.7

Action                   |  1- 3 |  4- 6 || total
-------------------------+-------+-------++-------
Melee: Short sword       |    52 |    70 ||   122
       Mace              |       |    22 ||    22
       Hand axe          |       |    19 ||    19
 Cast: Magic Dart        |    68 |    79 ||   147
  Use: Potion            |       |     3 ||     3
 Stab: Sleeping          |     1 |       ||     1
  Eat: Chunk             |     1 |    15 ||    16
Armor: Robe              |     4 |    17 ||    21
       Skin              |       |     5 ||     5
Dodge: Dodged            |    28 |    60 ||    88
